TOP OF THE 1ST |
Grim Reapers batting - Pitching for Louisiana Dragoons : LHP Nick Mason
|
Pitching: LHP Nick Mason
|
|
Batting: RHB Javier Medine
|
0-0: Ball 1-0: Ball 2-0: Ball 3-0: Base on Balls
|
Batting: LHB Edgardo Díaz
|
0-0: Grounds into double play, 6-4-3 (Groundball, 6M)
|
Batting: RHB Blair Sweeny
|
0-0: Ball 1-0: Called Strike 1-1: Fly out, F8 (Popup, 8RS)
|
Top of the 1st over - 0 run(s), 0 hit(s), 0 error(s), 0 left on base; Grim 0 - Louisiana 0 |
BOTTOM OF THE 1ST |
Louisiana Dragoons batting - Pitching for Grim Reapers : LHP Henry Vandenberg
|
Pitching: LHP Henry Vandenberg
|
|
Batting: RHB Sancho Rodríguez
|
0-0: Fly out, F8 (Flyball, 8RM)
|
Batting: RHB Derrek Conklin
|
0-0: Reached on error, E6 (Groundball, 6)
|
Batting: LHB Juan Gabriel
|
0-0: Ball 1-0: Ball 2-0: Called Strike 2-1: Called Strike 2-2: Strikes out looking
|
Batting: RHB Wessel Wemerman
|
0-0: Ball 1-0: Swinging Strike 1-1: Ball Derrek Conklin is caught stealing 2nd base
|
Bottom of the 1st over - 0 run(s), 0 hit(s), 1 error(s), 0 left on base; Grim 0 - Louisiana 0 |
TOP OF THE 2ND |
Grim Reapers batting - Pitching for Louisiana Dragoons : LHP Nick Mason
|
Batting: RHB Alberto Rodríguez
|
0-0: Ball 1-0: Swinging Strike 1-1: Ball 2-1: Swinging Strike 2-2: Ball 3-2: Foul Ball, location: 2F 3-2: Strikes out swinging
|
Batting: RHB Bill Allen
|
0-0: Called Strike 0-1: Swinging Strike 0-2: Ball 1-2: Foul Ball, location: 2F 1-2: Ball 2-2: Ball 3-2: SINGLE (Line Drive, 56D)
|
Batting: RHB Raúl Moreno
|
0-0: Foul Ball, location: 2F 0-1: Ball 1-1: DOUBLE (Line Drive, 8RS) Bill Allen to third
|
Batting: SHB Anthony Hopkins
|
0-0: Fly out, F4 (Popup, 34)
|
Batting: RHB Jules Winnfield
|
0-0: Called Strike 0-1: Hit by Pitch
|
Batting: RHB Santo Alba
|
0-0: Called Strike 0-1: Foul Ball, location: 2F 0-2: Fly out, F6 (Popup, 6D)
|
Top of the 2nd over - 0 run(s), 2 hit(s), 0 error(s), 3 left on base; Grim 0 - Louisiana 0 |
BOTTOM OF THE 2ND |
Louisiana Dragoons batting - Pitching for Grim Reapers : LHP Henry Vandenberg
|
Batting: RHB Wessel Wemerman
|
0-0: Ball 1-0: Called Strike 1-1: Swinging Strike 1-2: Ball 2-2: Strikes out swinging
|
Batting: RHB Marshall Lamar
|
0-0: Ball 1-0: Fly out, F9 (Flyball, 9M)
|
Batting: RHB Fernando Rutledge
|
0-0: Called Strike 0-1: Ground out 5-3 (Groundball, 56S)
|
Bottom of the 2nd over - 0 run(s), 0 hit(s), 0 error(s), 0 left on base; Grim 0 - Louisiana 0 |
TOP OF THE 3RD |
Grim Reapers batting - Pitching for Louisiana Dragoons : LHP Nick Mason
|
Batting: RHB Javier Medine
|
0-0: Ground out 5-3 (Groundball, 5)
|
Batting: LHB Edgardo Díaz
|
0-0: Ball 1-0: Called Strike 1-1: Ball 2-1: SINGLE (Groundball, 56D)
|
Batting: RHB Blair Sweeny
|
0-0: Foul Ball, location: 2F 0-1: Foul Ball, location: 2F 0-2: Foul Ball, location: 2F 0-2: Ball 1-2: Ball 2-2: Ball 3-2: Base on Balls Edgardo Díaz to second
|
Batting: RHB Alberto Rodríguez
|
0-0: Ball 1-0: Called Strike 1-1: Called Strike 1-2: Grounds into double play, 6-4-3 (Groundball, 6M)
|
Top of the 3rd over - 0 run(s), 1 hit(s), 0 error(s), 1 left on base; Grim 0 - Louisiana 0 |
BOTTOM OF THE 3RD |
Louisiana Dragoons batting - Pitching for Grim Reapers : LHP Henry Vandenberg
|
Batting: RHB Kevin Johnson
|
0-0: Called Strike 0-1: Swinging Strike 0-2: Ball 1-2: SINGLE (Groundball, 56) (infield hit)
|
Batting: RHB Jaime Cruz
|
0-0: Called Strike Kevin Johnson is caught stealing 2nd base 0-1: Ball 1-1: Ground out 6-3 (Groundball, 6)
|
Batting: RHB Eduardo Rivera
|
0-0: Ball 1-0: Ball 2-0: Swinging Strike 2-1: Foul Ball, location: 2F 2-2: Fly out, F8 (Flyball, 8RM)
|
Bottom of the 3rd over - 0 run(s), 1 hit(s), 0 error(s), 0 left on base; Grim 0 - Louisiana 0 |
TOP OF THE 4TH |
Grim Reapers batting - Pitching for Louisiana Dragoons : LHP Nick Mason
|
Batting: RHB Bill Allen
|
0-0: Ground out 4-3 (Groundball, 4M)
|
Batting: RHB Raúl Moreno
|
0-0: SINGLE (Groundball, 6MD)
|
Batting: SHB Anthony Hopkins
|
0-0: Foul Ball, location: 2F 0-1: Fielders Choice at 2nd, 3-6 (Groundball, 3)
|
Batting: RHB Jules Winnfield
|
0-0: Ball 1-0: Ball 2-0: Swinging Strike 2-1: Foul Ball, location: 2F 2-2: Strikes out swinging
|
Top of the 4th over - 0 run(s), 1 hit(s), 0 error(s), 1 left on base; Grim 0 - Louisiana 0 |
BOTTOM OF THE 4TH |
Louisiana Dragoons batting - Pitching for Grim Reapers : LHP Henry Vandenberg
|
Batting: RHB Sancho Rodríguez
|
0-0: Ball 1-0: Ball 2-0: SINGLE (Groundball, 4M)
|
Batting: RHB Derrek Conklin
|
0-0: Called Strike 0-1: Ball 1-1: Ball 2-1: SINGLE (Groundball, 56D) Sancho Rodríguez to second
|
Batting: LHB Juan Gabriel
|
0-0: Called Strike 0-1: Swinging Strike 0-2: Strikes out swinging
|
Batting: RHB Wessel Wemerman
|
0-0: Swinging Strike 0-1: DOUBLE (Line Drive, 7M) Sancho Rodríguez scores Derrek Conklin to third Runner from 3rd tries for Home, throw and OUT! Wessel Wemerman to third
|
Batting: RHB Marshall Lamar
|
0-0: Swinging Strike 0-1: Swinging Strike 0-2: Ball 1-2: Fly out, F8 (Line Drive, 8LS)
|
Bottom of the 4th over - 1 run(s), 3 hit(s), 0 error(s), 1 left on base; Grim 0 - Louisiana 1 |
TOP OF THE 5TH |
Grim Reapers batting - Pitching for Louisiana Dragoons : LHP Nick Mason
|
Batting: RHB Santo Alba
|
0-0: DOUBLE (Line Drive, 89M)
|
Batting: RHB Javier Medine
|
0-0: Ball 1-0: Foul Ball, location: 2F 1-1: Swinging Strike 1-2: Foul Ball, location: 2F 1-2: Ball 2-2: Ball 3-2: Base on Balls
|
Batting: LHB Edgardo Díaz
|
0-0: SINGLE (Groundball, 4MD) Santo Alba to third Javier Medine to second Runner from 3rd tries for Home, SAFE, no throw or cutoff
|
Batting: RHB Blair Sweeny
|
0-0: Ball 1-0: Ball 2-0: Ball 3-0: Base on Balls Javier Medine to third Edgardo Díaz to second
|
Batting: RHB Alberto Rodríguez
|
0-0: Called Strike 0-1: Ball 1-1: Ball 2-1: Ball 3-1: Fly out, F6 (Line Drive, 6D)
|
Batting: RHB Bill Allen
|
0-0: Ball 1-0: Called Strike 1-1: Ball 2-1: SINGLE (Line Drive, 6M) Javier Medine scores Edgardo Díaz to third Blair Sweeny to second
|
Batting: RHB Raúl Moreno
|
0-0: Foul Ball, location: 2F 0-1: Ball 1-1: Swinging Strike 1-2: Strikes out swinging
|
Batting: SHB Anthony Hopkins
|
0-0: Ball 1-0: Foul Ball, location: 2F 1-1: Swinging Strike 1-2: Ball 2-2: Foul Ball, location: 2F 2-2: Foul Ball, location: 2F 2-2: Strikes out swinging
|
Top of the 5th over - 2 run(s), 3 hit(s), 0 error(s), 3 left on base; Grim 2 - Louisiana 1 |
BOTTOM OF THE 5TH |
Louisiana Dragoons batting - Pitching for Grim Reapers : LHP Henry Vandenberg
|
Batting: RHB Fernando Rutledge
|
0-0: Ball 1-0: Fly out, F8 (Flyball, 8LS)
|
Batting: RHB Kevin Johnson
|
0-0: Ball 1-0: Foul Ball, location: 2F 1-1: Ball 2-1: Swinging Strike 2-2: Strikes out swinging
|
Batting: RHB Jaime Cruz
|
0-0: Called Strike 0-1: Foul Ball, location: 2F 0-2: Ball 1-2: Reached on error, E5 (Groundball, 56)
|
Batting: RHB Eduardo Rivera
|
0-0: Ball 1-0: Ball 2-0: SINGLE (Line Drive, 3D) Jaime Cruz to second Runner from 2nd tries for 3rd, SAFE, throw made to third
|
Batting: RHB Sancho Rodríguez
|
0-0: Called Strike 0-1: Ball 1-1: Foul Ball, location: 2F 1-2: Ball 2-2: Fly out, F3 (Line Drive, 3)
|
Bottom of the 5th over - 0 run(s), 1 hit(s), 1 error(s), 2 left on base; Grim 2 - Louisiana 1 |
TOP OF THE 6TH |
Grim Reapers batting - Pitching for Louisiana Dragoons : LHP Nick Mason
|
Batting: RHB Jules Winnfield
|
0-0: Ball 1-0: Called Strike 1-1: Ground out U3 (Groundball, 3S)
|
Pitching: RHP Steve Rayla
|
|
Batting: RHB Santo Alba
|
0-0: Ball 1-0: Ball 2-0: Ball 3-0: Base on Balls
|
Batting: RHB Javier Medine
|
0-0: Called Strike 0-1: Ball 1-1: Swinging Strike 1-2: Ball Santo Alba steals 2nd base 2-2: Strikes out looking
|
Batting: LHB Edgardo Díaz
|
0-0: Foul Ball, location: 2F 0-1: Ball 1-1: Foul Ball, location: 2F 1-2: Ball 2-2: Ball 3-2: Base on Balls
|
Batting: RHB Blair Sweeny
|
0-0: Ball Passed Ball! Santo Alba to third Edgardo Díaz to second 1-0: Fly out, F7 (Flyball, 78M)
|
Top of the 6th over - 0 run(s), 0 hit(s), 0 error(s), 2 left on base; Grim 2 - Louisiana 1 |
BOTTOM OF THE 6TH |
Louisiana Dragoons batting - Pitching for Grim Reapers : LHP Henry Vandenberg
|
Batting: RHB Derrek Conklin
|
0-0: Fly out, F2 (Popup, 2RF)
|
Batting: LHB Juan Gabriel
|
0-0: Ball 1-0: Fly out, F4 (Popup, 34D)
|
Batting: RHB Wessel Wemerman
|
0-0: Ball 1-0: Called Strike 1-1: Ball 2-1: Called Strike 2-2: Ball 3-2: Fly out, F8 (Line Drive, 8LM)
|
Bottom of the 6th over - 0 run(s), 0 hit(s), 0 error(s), 0 left on base; Grim 2 - Louisiana 1 |
TOP OF THE 7TH |
Grim Reapers batting - Pitching for Louisiana Dragoons : RHP Steve Rayla
|
Batting: RHB Alberto Rodríguez
|
0-0: Ball 1-0: Called Strike 1-1: Ball 2-1: Foul Ball, location: 2F 2-2: Foul Ball, location: 2F 2-2: Foul Ball, location: 2F 2-2: Strikes out swinging
|
Batting: RHB Bill Allen
|
0-0: Called Strike 0-1: Fly out, F9 (Flyball, 9M)
|
Batting: RHB Raúl Moreno
|
0-0: Foul Ball, location: 2F 0-1: Ball 1-1: Ball 2-1: Foul Ball, location: 2F 2-2: Strikes out looking
|
Top of the 7th over - 0 run(s), 0 hit(s), 0 error(s), 0 left on base; Grim 2 - Louisiana 1 |
BOTTOM OF THE 7TH |
Louisiana Dragoons batting - Pitching for Grim Reapers : LHP Henry Vandenberg
|
Batting: RHB Marshall Lamar
|
0-0: Called Strike 0-1: Foul Ball, location: 2F 0-2: Ball 1-2: Ball 2-2: Foul Ball, location: 2F 2-2: Strikes out looking
|
Batting: RHB Fernando Rutledge
|
0-0: Ball 1-0: Called Strike 1-1: Swinging Strike 1-2: Ball 2-2: Strikes out swinging
|
Batting: RHB Kevin Johnson
|
0-0: Foul Ball, location: 2F 0-1: Ball 1-1: Foul Ball, location: 2F 1-2: Strikes out looking
|
Bottom of the 7th over - 0 run(s), 0 hit(s), 0 error(s), 0 left on base; Grim 2 - Louisiana 1 |
TOP OF THE 8TH |
Grim Reapers batting - Pitching for Louisiana Dragoons : RHP Steve Rayla
|
Batting: SHB Anthony Hopkins
|
0-0: Ball 1-0: Ball 2-0: Ball 3-0: Base on Balls
|
Pinch Hitting: SHB Ramón Pérez
|
0-0: Sac Bunt - play at first, batter OUT! U3 Anthony Hopkins to second
|
Pinch Hitting: LHB Alberto Arredondo
|
0-0: Intentional Walk
|
Pinch Hitting: LHB León Torres
|
0-0: SINGLE (Groundball, 4MD) (infield hit) Anthony Hopkins to third Alberto Arredondo to second
|
Batting: LHB Edgardo Díaz
|
0-0: Called Strike 0-1: Ball 1-1: Ball 2-1: Grounds into double play, U4-3 (Groundball, 4)
|
Top of the 8th over - 0 run(s), 1 hit(s), 0 error(s), 2 left on base; Grim 2 - Louisiana 1 |
BOTTOM OF THE 8TH |
Louisiana Dragoons batting - Pitching for Grim Reapers : LHP Henry Vandenberg
|
Now at 3B: León Torres
|
|
Now at SS: Ramón Pérez
|
|
Now in CF: Alberto Arredondo
|
|
Batting: RHB Jaime Cruz
|
0-0: Foul Ball, location: 2F 0-1: Ball 1-1: Hit by Pitch
|
Batting: RHB Eduardo Rivera
|
0-0: Bunted foul 0-1: Ball 1-1: Ball 2-1: Bunted foul 2-2: Foul Ball, location: 2F 2-2: Ball 3-2: SINGLE (Line Drive, 9S) Jaime Cruz to second
|
Pitching: RHP Jorge Rivera
|
|
Batting: RHB Sancho Rodríguez
|
0-0: Called Strike 0-1: Ball 1-1: Ball 2-1: Sac Bunt - play at first, batter OUT! 1-4 Jaime Cruz to third Eduardo Rivera to second
|
Pitching: RHP Javier Hernández
|
|
Batting: RHB Derrek Conklin
|
0-0: Swinging Strike 0-1: Ball 1-1: Ball 2-1: SINGLE (Line Drive, 8RS) Jaime Cruz scores Eduardo Rivera to third
|
Batting: LHB Juan Gabriel
|
0-0: Ball 1-0: DOUBLE (Line Drive, 9LS) Eduardo Rivera scores Derrek Conklin to third
|
Batting: RHB Wessel Wemerman
|
0-0: Intentional Walk
|
Pinch Hitting: RHB Alberto Figueroa
|
0-0: Called Strike 0-1: Ball 1-1: Called Strike 1-2: Ball 2-2: Strikes out looking
|
Pinch Hitting: RHB Roberto Hernández
|
0-0: Ball 1-0: Swinging Strike 1-1: Ball 2-1: Foul Ball, location: 2F 2-2: Ball 3-2: Strikes out looking
|
Bottom of the 8th over - 2 run(s), 3 hit(s), 0 error(s), 3 left on base; Grim 2 - Louisiana 3 |
TOP OF THE 9TH |
Grim Reapers batting - Pitching for Louisiana Dragoons : RHP Steve Rayla
|
Pitching: RHP Iván Flores
|
|
Now at SS: Jody Bennett
|
|
Now in LF: Roberto Hernández
|
|
Batting: RHB Blair Sweeny
|
0-0: Called Strike 0-1: Called Strike 0-2: Strikes out looking
|
Batting: RHB Alberto Rodríguez
|
0-0: Fly out, F4 (Popup, 9LS)
|
Batting: RHB Bill Allen
|
0-0: Ball 1-0: Called Strike 1-1: Ground out 4-3 (Groundball, 13)
|
Top of the 9th over - 0 run(s), 0 hit(s), 0 error(s), 0 left on base; Grim 2 - Louisiana 3 |
|